Workbook

Sheet PRESUPUESTO OFICIAL (Entidad)
A1: FORMULARIO 1
A4: PRESUPUESTO OFICIAL
A6: [La entidad puede utilizar este formulario de detalle del presupuesto oficial para determinar las condiciones bajo las cuales los proponentes analizarán y presentarán su propuesta económica de forma detallada, sin perjuicio que la entidad pueda modificarlo o establecer la presentación de la oferta económica con un formulario distinto al indicado.]
A8: Adicionalmente, cuando el proceso de contratación es estructurado por precios unitarios, la Entidad debe aplicar las notas 1, 2 y 3 del presente formulario y las casillas de "Descripción", "Porcentaje" de la Administración, Imprevisto, Utilidad y total A.I.U. resaltadas en colo amarillo. Tratándose de otras modalidades de precio, la Entidad puede o no configurar los mismos aspectos.
A12: ' CONSTRUCCION DE PLACA HUELLAS EN SECTORES RURALES DEL MUNICIPIO DE SESQUILÉ CUNDINAMARCA.''
A14: ÍTEM | B14: ÍTEM ICCU | C14: DESCRIPCIÓN | D14: UNIDAD | E14: CANTIDADES | F14: VALOR UNITARIO | G14: VALOR TOTAL
A15: NESCUATÁ SECTOR LA JORLA | G15: =SUM(G16,G18,G20,G22) -> 85846384
A16: 1 | C16: MANTENIMIENTO VIAL | G16: =SUM(G17:G17,0) -> 554034
A17: 1.1 | B17: 6.1 | C17: CONFORMACIÓN DE LA CALZADA EXISTENTE | D17: M2 | E17: =+'Memorias de cantidades'!$I$6+'Memorias de cantidades'!$I$7 -> 481.35 | F17: 1151 | G17: =+ROUND(E17*F17,0) -> 554034
A18: 2 | C18: ESTRUCTURA DE PAVIMENTO | G18: =SUM(G19:G19,0) -> 8121842.6
A19: 2.1 | B19: 3.15 | C19: AFIRMADO | D19: M3 | E19: =+'Memorias de cantidades'!$I$24+'Memorias de cantidades'!$I$25 -> 72.2025 | F19: 112487 | G19: =+E19*F19 -> 8121842.6
A20: 3 | C20: EXPLANACIÓN Y EXCAVACIONES | G20: =SUM(G21:G21,0) -> 666039.11
A21: 3.1 | B21: 2.13 | C21: EXCAVACIONES VARIAS EN MATERIAL COMÚN SECO A MANO (INCLUYE RETIRO DE SOBRANTES A UNA DISTANCIA MENOR DE 5 KM) | D21: M3 | E21: =+SUM('Memorias de cantidades'!I49:I54) -> 10.1925 | F21: 65346 | G21: =E21*F21 -> 666039.11
A22: 4 | C22: OBRAS DE ARTE | G22: =SUM(G23:G26,0) -> 76504468
A23: 4.1 | B23: 4.6 | C23: CONCRETOS CLASE D, f´c =3000 PSI (BASES) | D23: M3 | E23: =+SUM('Memorias de cantidades'!I93:I98) -> 35.04075 | F23: 769961 | G23: =E23*F23 -> 26980011
A24: 4.2 | B24: 4.25 | C24: CONCRETO CICLÓPEO CLASE G, 2000 PSI 40% RAJON PARA BASES | D24: M3 | E24: =+SUM('Memorias de cantidades'!I126:I129) -> 18.3825 | F24: 551205 | G24: =E24*F24 -> 10132526
A25: 4.3 | B25: 4.21 | C25: CUNETA DE CONCRETO CLASE E, 2500 PSI FUNDIDA EN EL LUGAR | D25: M3 | E25: =+SUM('Memorias de cantidades'!I156:I159) -> 21.2598 | F25: 625846 | G25: =E25*F25 -> 13305361
A26: 4.4 | B26: 4.52 | C26: SUMINISTRO FIGURADO Y ARMADO DE ACERO DE REFUERZO 60000 PSI | D26: KG | E26: =+SUM('Memorias de cantidades'!I182:I203) -> 3281.3296 | F26: 7950 | G26: =E26*F26 -> 26086570
A27: EL HATO SECTOR LA QUINTA | G27: =SUM(G28,G30,G32,G34) -> 77367432
A28: 1 | C28: MANTENIMIENTO VIAL | G28: =SUM(G29:G29,0) -> 529086
A29: 1.1 | B29: 6.1 | C29: CONFORMACIÓN DE LA CALZADA EXISTENTE | D29: M2 | E29: =+'Memorias de cantidades'!$I$9 -> 459.675 | F29: 1151 | G29: =+ROUND(E29*F29,0) -> 529086
A30: 2 | C30: ESTRUCTURA DE PAVIMENTO | G30: =SUM(G31:G31,0) -> 7756119.3
A31: 2.1 | B31: 3.15 | C31: AFIRMADO | D31: M3 | E31: =+'Memorias de cantidades'!I27 -> 68.95125 | F31: 112487 | G31: =+E31*F31 -> 7756119.3
A32: 3 | C32: EXPLANACIÓN Y EXCAVACIONES | G32: =SUM(G33:G33,0) -> 562236.98
A33: 3.1 | B33: 2.13 | C33: EXCAVACIONES VARIAS EN MATERIAL COMÚN SECO A MANO (INCLUYE RETIRO DE SOBRANTES A UNA DISTANCIA MENOR DE 5 KM) | D33: M3 | E33: =+SUM('Memorias de cantidades'!I56:I58) -> 8.604 | F33: 65346 | G33: =E33*F33 -> 562236.98
A34: 4 | C34: OBRAS DE ARTE | G34: =SUM(G35:G38,0) -> 68519990
A35: 4.1 | B35: 4.6 | C35: CONCRETOS CLASE D, f´c =3000 PSI (BASES) | D35: M3 | E35: =+SUM('Memorias de cantidades'!I100:I102) -> 31.086 | F35: 769961 | G35: =E35*F35 -> 23935008
A36: 4.2 | B36: 4.25 | C36: CONCRETO CICLÓPEO CLASE G, 2000 PSI 40% RAJON PARA BASES | D36: M3 | E36: =+SUM('Memorias de cantidades'!I131:I132) -> 21.16125 | F36: 551205 | G36: =E36*F36 -> 11664187
A37: 4.3 | B37: 4.21 | C37: CUNETA DE CONCRETO CLASE E, 2500 PSI FUNDIDA EN EL LUGAR | D37: M3 | E37: =+SUM('Memorias de cantidades'!I161:I162) -> 18.9999 | F37: 625846 | G37: =E37*F37 -> 11891011
A38: 4.4 | B38: 4.52 | C38: SUMINISTRO FIGURADO Y ARMADO DE ACERO DE REFUERZO 60000 PSI | D38: KG | E38: =+SUM('Memorias de cantidades'!I217:I227) -> 2645.2558 | F38: 7950 | G38: =E38*F38 -> 21029784
A39: RANCHERIA SECTOR LAS CUCHILLAS | G39: =SUM(G40,G42,G44,G46) -> 72081035
A40: 1 | C40: MANTENIMIENTO VIAL | G40: =SUM(G41:G41,0) -> 482470
A41: 1.1 | B41: 6.1 | C41: CONFORMACIÓN DE LA CALZADA EXISTENTE | D41: M2 | E41: =+'Memorias de cantidades'!I11 -> 419.175 | F41: 1151 | G41: =+ROUND(E41*F41,0) -> 482470
A42: 2 | C42: ESTRUCTURA DE PAVIMENTO | G42: =SUM(G43:G43,0) -> 7072760.7
A43: 2.1 | B43: 3.15 | C43: AFIRMADO | D43: M3 | E43: =+'Memorias de cantidades'!I29 -> 62.87625 | F43: 112487 | G43: =+E43*F43 -> 7072760.7
A44: 3 | C44: EXPLANACIÓN Y EXCAVACIONES | G44: =SUM(G45:G45,0) -> 526950.14
A45: 3.1 | B45: 2.13 | C45: EXCAVACIONES VARIAS EN MATERIAL COMÚN SECO A MANO (INCLUYE RETIRO DE SOBRANTES A UNA DISTANCIA MENOR DE 5 KM) | D45: M3 | E45: =+SUM('Memorias de cantidades'!I60:I62) -> 8.064 | F45: 65346 | G45: =E45*F45 -> 526950.14
A46: 4 | C46: OBRAS DE ARTE | G46: =SUM(G47:G50,0) -> 63998854
A47: 4.1 | B47: 4.6 | C47: CONCRETOS CLASE D, f´c =3000 PSI (BASES) | D47: M3 | E47: =+SUM('Memorias de cantidades'!I104:I106) -> 28.40625 | F47: 769961 | G47: =E47*F47 -> 21871705
A48: 4.2 | B48: 4.25 | C48: CONCRETO CICLÓPEO CLASE G, 2000 PSI 40% RAJON PARA BASES | D48: M3 | E48: =+SUM('Memorias de cantidades'!I134:I135) -> 19.2375 | F48: 551205 | G48: =E48*F48 -> 10603806
A49: 4.3 | B49: 4.21 | C49: CUNETA DE CONCRETO CLASE E, 2500 PSI FUNDIDA EN EL LUGAR | D49: M3 | E49: =+'Memorias de cantidades'!I164 -> 16.767 | F49: 625846 | G49: =E49*F49 -> 10493560
A50: 4.4 | B50: 4.52 | C50: SUMINISTRO FIGURADO Y ARMADO DE ACERO DE REFUERZO 60000 PSI | D50: KG | E50: =+SUM('Memorias de cantidades'!I217:I227) -> 2645.2558 | F50: 7950 | G50: =E50*F50 -> 21029784
A51: EL HATO SECTOR LA RINCODADA | G51: =SUM(G52,G54,G56,G58) -> 68163137
A52: 1 | C52: MANTENIMIENTO VIAL | G52: =SUM(G53:G53,0) -> 489963
A53: 1.1 | B53: 6.1 | C53: CONFORMACIÓN DE LA CALZADA EXISTENTE | D53: M2 | E53: =+'Memorias de cantidades'!I13 -> 425.685 | F53: 1151 | G53: =+ROUND(E53*F53,0) -> 489963
A54: 2 | C54: ESTRUCTURA DE PAVIMENTO | G54: =SUM(G55:G55,0) -> 7182604.3
A55: 2.1 | B55: 3.15 | C55: AFIRMADO | D55: M3 | E55: =+'Memorias de cantidades'!I31 -> 63.85275 | F55: 112487 | G55: =+E55*F55 -> 7182604.3
A56: 3 | C56: EXPLANACIÓN Y EXCAVACIONES | G56: =SUM(G57:G57,0) -> 467158.55
A57: 3.1 | B57: 2.13 | C57: EXCAVACIONES VARIAS EN MATERIAL COMÚN SECO A MANO (INCLUYE RETIRO DE SOBRANTES A UNA DISTANCIA MENOR DE 5 KM) | D57: M3 | E57: =+SUM('Memorias de cantidades'!I64:I66) -> 7.149 | F57: 65346 | G57: =E57*F57 -> 467158.55
A58: 4 | C58: OBRAS DE ARTE | G58: =SUM(G59:G62,0) -> 60023412
A59: 4.1 | B59: 4.6 | C59: CONCRETOS CLASE D, f´c =3000 PSI (BASES) | D59: M3 | E59: =+SUM('Memorias de cantidades'!I108:I110) -> 24.0435 | F59: 769961 | G59: =E59*F59 -> 18512557
A60: 4.2 | B60: 4.25 | C60: CONCRETO CICLÓPEO CLASE G, 2000 PSI 40% RAJON PARA BASES | D60: M3 | E60: =+SUM('Memorias de cantidades'!I137:I138) -> 28.51425 | F60: 551205 | G60: =E60*F60 -> 15717197
A61: 4.3 | B61: 4.21 | C61: CUNETA DE CONCRETO CLASE E, 2500 PSI FUNDIDA EN EL LUGAR | D61: M3 | E61: =+SUM('Memorias de cantidades'!I166:I167) -> 13.4199 | F61: 625846 | G61: =E61*F61 -> 8398790.7
A62: 4.4 | B62: 4.52 | C62: SUMINISTRO FIGURADO Y ARMADO DE ACERO DE REFUERZO 60000 PSI | D62: KG | E62: =+SUM('Memorias de cantidades'!I229:I239) -> 2188.0335 | F62: 7950 | G62: =E62*F62 -> 17394866
D65: COSTO DIRECTO | G65: =+SUM(G51,G39,G27,G15) -> 3.0345799e+08
D66: ADMINISTRACIÓN | F66: 0.22 | G66: =+G65*F66 -> 66760757
D67: IMPREVISTOS | F67: 0.05 | G67: =+G65*F67 -> 15172899
D68: UTILIDAD | F68: 0.03 | G68: =+G65*F68 -> 9103739.6
D69: COSTO TOTAL | G69: 394495385
D70: INTERVENTORÍA | G70: =G69*F70 -> 0
D71: VALOR FINAL DEL PROYECTO | G71: =G69 -> 394495385

Sheet Memorias de cantidades
A1: ='PRESUPUESTO OFICIAL (Entidad)'!A12:G13 -> #VALUE!
A3: ITEM | B3: LOCALIZACION | C3: DIMENSIONES | F3: AREA | G3: UNIDADES TOTALES | H3: CANT | I3: PARCIAL | J3: TOTAL | K3: UNID.
A4: =+'PRESUPUESTO OFICIAL (Entidad)'!A17 -> 1.1 | C4: LARGO/RADIO PROM | D4: ANCHO PROM | E4: ALTO/ESP
A5: =+'PRESUPUESTO OFICIAL (Entidad)'!C17 -> CONFORMACIÓN DE LA CALZADA EXISTENTE | B5: LA JORLA
B6: TRAMO 1 | C6: 90.15 | D6: 4 | F6: =+PRODUCT(C6:E6) -> 360.6 | H6: 1 | I6: =+F6*H6 -> 360.6
B7: TRAMO 2 | C7: 24.15 | D7: 5 | F7: =+PRODUCT(C7:E7) -> 120.75 | H7: 1 | I7: =+H7*F7 -> 120.75
B8: El hato CORLHASES
B9: El hato CORLHASES | C9: 102.15 | D9: 4.5 | F9: =+PRODUCT(C9:E9) -> 459.675 | H9: 1 | I9: =+F9*H9 -> 459.675
B10: RANCHERIA LAGUNETA
B11: RANCHERIA LAGUNETA | C11: 93.15 | D11: 4.5 | F11: =+PRODUCT(C11:E11) -> 419.175 | H11: 1 | I11: =+F11*H11 -> 419.175
B12: LA RINCONADA EL HATO
B13: LA RINCONADA EL HATO | C13: 72.15 | D13: 5.9 | F13: =+PRODUCT(C13:E13) -> 425.685 | H13: 1 | I13: =+F13*H13 -> 425.685
J19: =SUM(I6:I18,0) -> 1785.885 | K19: M2
A21: ITEM | B21: LOCALIZACION | C21: DIMENSIONES | F21: VOL | G21: UNIDADES TOTALES | H21: CANT | I21: PARCIAL | J21: TOTAL | K21: UNID.
A22: =+'PRESUPUESTO OFICIAL (Entidad)'!A19 -> 2.1 | C22: LARGO/RADIO PROM | D22: ANCHO PROM | E22: ALTO/ESP
A23: =+'PRESUPUESTO OFICIAL (Entidad)'!C19 -> AFIRMADO | B23: LA JORLA
B24: TRAMO 1 | C24: 90.15 | D24: 4 | E24: 0.15 | F24: =+PRODUCT(C24:E24) -> 54.09 | H24: 1 | I24: =+F24*H24 -> 54.09
B25: TRAMO 2 | C25: 24.15 | D25: 5 | E25: 0.15 | F25: =+PRODUCT(C25:E25) -> 18.1125 | H25: 1 | I25: =+H25*F25 -> 18.1125
B26: El hato CORLHASES
B27: El hato CORLHASES | C27: 102.15 | D27: 4.5 | E27: 0.15 | F27: =+PRODUCT(C27:E27) -> 68.95125 | H27: 1 | I27: =+F27*H27 -> 68.95125
B28: RANCHERIA LAGUNETA
B29: RANCHERIA LAGUNETA | C29: 93.15 | D29: 4.5 | E29: 0.15 | F29: =+PRODUCT(C29:E29) -> 62.87625 | H29: 1 | I29: =+F29*H29 -> 62.87625
B30: LA RINCONADA EL HATO
B31: LA RINCONADA EL HATO | C31: 72.15 | D31: 5.9 | E31: 0.15 | F31: =+PRODUCT(C31:E31) -> 63.85275 | H31: 1 | I31: =+F31*H31 -> 63.85275
J44: =SUM(I24:I43,0) -> 267.88275 | K44: M3
A46: ITEM | B46: LOCALIZACION | C46: DIMENSIONES | F46: VOL | G46: UNIDADES TOTALES | H46: CANT | I46: PARCIAL | J46: TOTAL | K46: UNID.
A47: =+'PRESUPUESTO OFICIAL (Entidad)'!A21 -> 3.1 | C47: LARGO/RADIO PROM | D47: ANCHO PROM | E47: ALTO/ESP
A48: =+'PRESUPUESTO OFICIAL (Entidad)'!C21 -> EXCAVACIONES VARIAS EN MATERIAL COMÚN SECO A MANO (INCLUYE RETIRO DE SOBRANTES A UNA DISTANCIA MENOR DE 5 KM) | B48: LA JORLA
B49: VIGAS TRAMO 1 | C49: 2.85 | D49: 0.15 | E49: 0.1 | F49: =+PRODUCT(C49:E49) -> 0.04275 | H49: 30 | I49: =+F49*H49 -> 1.2825
B50: CUNETAS TRAMO 1 | C50: 90.15 | D50: 0.6 | E50: 0.05 | F50: =+PRODUCT(C50:E50) -> 2.7045 | H50: 2 | I50: =+F50*H50 -> 5.409
B51: RAMPAS TRAMO 1 | C51: 3 | D51: 2.85 | E51: 0.08 | F51: =+PRODUCT(C51:E51) -> 0.684 | H51: 1 | I51: =+F51*H51 -> 0.684
B52: VIGAS TRAMO 2 | C52: 3.8 | D52: 0.15 | E52: 0.1 | F52: =+PRODUCT(C52:E52) -> 0.057 | H52: 8 | I52: =+F52*H52 -> 0.456
B53: CUNETAS TRAMO 2 | C53: 24.15 | D53: 0.6 | E53: 0.05 | F53: =+PRODUCT(C53:E53) -> 0.7245 | H53: 2 | I53: =+F53*H53 -> 1.449
B54: RAMPAS TRAMO 2 | C54: 3 | D54: 3.8 | E54: 0.08 | F54: =+PRODUCT(C54:E54) -> 0.912 | H54: 1 | I54: =+F54*H54 -> 0.912
B55: El hato CORLHASES
B56: vigas | C56: 3.3 | D56: 0.15 | E56: 0.1 | F56: =+PRODUCT(C56:E56) -> 0.0495 | H56: 34 | I56: =+F56*H56 -> 1.683
B57: cunetas | C57: 102.15 | D57: 0.6 | E57: 0.05 | F57: =+PRODUCT(C57:E57) -> 3.0645 | H57: 2 | I57: =+F57*H57 -> 6.129
B58: rampas | C58: 3 | D58: 3.3 | E58: 0.08 | F58: =+PRODUCT(C58:E58) -> 0.792 | H58: 1 | I58: =+F58*H58 -> 0.792
B59: RANCHERIA LAGUNETA
B60: vigas | C60: 3.3 | D60: 0.15 | E60: 0.1 | F60: =+PRODUCT(C60:E60) -> 0.0495 | H60: 34 | I60: =+F60*H60 -> 1.683
B61: cunetas | C61: 93.15 | D61: 0.6 | E61: 0.05 | F61: =+PRODUCT(C61:E61) -> 2.7945 | H61: 2 | I61: =+F61*H61 -> 5.589
B62: rampas | C62: 3 | D62: 3.3 | E62: 0.08 | F62: =+PRODUCT(C62:E62) -> 0.792 | H62: 1 | I62: =+F62*H62 -> 0.792
B63: LA RINCONADA EL HATO
B64: vigas | C64: 4.7 | D64: 0.15 | E64: 0.1 | F64: =+PRODUCT(C64:E64) -> 0.0705 | H64: 24 | I64: =+F64*H64 -> 1.692
B65: cunetas | C65: 72.15 | D65: 0.6 | E65: 0.05 | F65: =+PRODUCT(C65:E65) -> 2.1645 | H65: 2 | I65: =+F65*H65 -> 4.329
B66: rampas | C66: 3 | D66: 4.7 | E66: 0.08 | F66: =+PRODUCT(C66:E66) -> 1.128 | H66: 1 | I66: =+F66*H66 -> 1.128
J88: =SUM(I49:I54,0) -> 10.1925 | K88: M3
A90: ITEM | B90: LOCALIZACION | C90: DIMENSIONES | F90: VOL | G90: UNIDADES TOTALES | H90: CANT | I90: PARCIAL | J90: TOTAL | K90: UNID.
A91: =+'PRESUPUESTO OFICIAL (Entidad)'!A23 -> 4.1 | C91: LARGO/RADIO PROM | D91: ANCHO PROM | E91: ALTO/ESP
A92: =+'PRESUPUESTO OFICIAL (Entidad)'!C23 -> CONCRETOS CLASE D, f´c =3000 PSI (BASES) | B92: LA JORLA
B93: LOSAS TRAMO 1 | C93: 2.85 | D93: 0.9 | E93: 0.15 | F93: =+PRODUCT(C93:E93) -> 0.38475 | G93: 29 | H93: 2 | I93: =F93*H93*G93 -> 22.3155
B94: VIGAS TRAMO 1 | C94: 2.85 | D94: 0.15 | E94: 0.25 | F94: =+PRODUCT(C94:E94) -> 0.106875 | H94: 30 | I94: =F94*H94 -> 3.20625
B95: RAMPAS TRAMO 1 | C95: 3 | D95: 2.85 | E95: 0.15 | F95: =+PRODUCT(C95:E95) -> 1.2825 | H95: 1 | I95: =F95*H95 -> 1.2825
B96: LOSAS TRAMO 2 | C96: 2.85 | D96: 0.9 | E96: 0.15 | F96: =+PRODUCT(C96:E96) -> 0.38475 | G96: 7 | H96: 2 | I96: =F96*H96*G96 -> 5.3865
B97: VIGAS TRAMO 2 | C97: 3.8 | D97: 0.15 | E97: 0.25 | F97: =+PRODUCT(C97:E97) -> 0.1425 | H97: 8 | I97: =F97*H97 -> 1.14
B98: RAMPAS TRAMO 2 | C98: 3 | D98: 3.8 | E98: 0.15 | F98: =+PRODUCT(C98:E98) -> 1.71 | H98: 1 | I98: =F98*H98 -> 1.71
B99: El hato CORLHASES
B100: LOSAS | C100: 2.85 | D100: 0.9 | E100: 0.15 | F100: =+PRODUCT(C100:E100) -> 0.38475 | G100: 33 | H100: 2 | I100: =F100*H100*G100 -> 25.3935
B101: VIGAS | C101: 3.3 | D101: 0.15 | E101: 0.25 | F101: =+PRODUCT(C101:E101) -> 0.12375 | H101: 34 | I101: =F101*H101 -> 4.2075
B102: RAMPAS | C102: 3 | D102: 3.3 | E102: 0.15 | F102: =+PRODUCT(C102:E102) -> 1.485 | H102: 1 | I102: =F102*H102 -> 1.485
B103: RANCHERIA LAGUNETA
B104: LOSAS | C104: 2.85 | D104: 0.9 | E104: 0.15 | F104: =+PRODUCT(C104:E104) -> 0.38475 | G104: 30 | H104: 2 | I104: =F104*H104*G104 -> 23.085
B105: VIGAS | C105: 3.3 | D105: 0.15 | E105: 0.25 | F105: =+PRODUCT(C105:E105) -> 0.12375 | H105: 31 | I105: =F105*H105 -> 3.83625
B106: RAMPAS | C106: 3 | D106: 3.3 | E106: 0.15 | F106: =+PRODUCT(C106:E106) -> 1.485 | H106: 1 | I106: =F106*H106 -> 1.485
B107: LA RINCONADA EL HATO
B108: LOSAS | C108: 2.85 | D108: 0.9 | E108: 0.15 | F108: =+PRODUCT(C108:E108) -> 0.38475 | G108: 23 | H108: 2 | I108: =F108*H108*G108 -> 17.6985
B109: VIGAS | C109: 4.7 | D109: 0.15 | E109: 0.25 | F109: =+PRODUCT(C109:E109) -> 0.17625 | H109: 24 | I109: =F109*H109 -> 4.23
B110: RAMPAS | C110: 3 | D110: 4.7 | E110: 0.15 | F110: =+PRODUCT(C110:E110) -> 2.115 | H110: 1 | I110: =F110*H110 -> 2.115
J121: =+SUM(I93:I120) -> 118.5765 | K121: M3
A123: ITEM | B123: LOCALIZACION | C123: DIMENSIONES | F123: VOL | G123: LONG TOTAL | H123: CANT | I123: PARCIAL | J123: TOTAL | K123: UNID.
A124: =+'PRESUPUESTO OFICIAL (Entidad)'!A24 -> 4.2 | C124: LARGO/RADIO PROM | D124: ANCHO PROM | E124: ALTO/ESP
A125: =+'PRESUPUESTO OFICIAL (Entidad)'!C24 -> CONCRETO CICLÓPEO CLASE G, 2000 PSI 40% RAJON PARA BASES | B125: LA JORLA
B126: CENTRO TRAMO 1 | C126: 2.85 | D126: 0.9 | E126: 0.15 | F126: =+PRODUCT(C126:E126) -> 0.38475 | H126: 29 | I126: =+H126*F126 -> 11.15775
B127: SOBREANCHO TRAMO 1 | C127: 2.85 | D127: 0.1 | E127: 0.15 | F127: =+PRODUCT(C127:E127) -> 0.04275 | H127: 29 | I127: =F127*H127 -> 1.23975
B128: CENTRO TRAMO 2 | C128: 2.85 | D128: 0.9 | E128: 0.15 | F128: =+PRODUCT(C128:E128) -> 0.38475 | H128: 7 | I128: =F128*H128 -> 2.69325
B129: SOBREANCHO TRAMO 2 | C129: 2.85 | D129: 1.1 | E129: 0.15 | F129: =+PRODUCT(C129:E129) -> 0.47025 | H129: 7 | I129: =F129*H129 -> 3.29175
B130: El hato CORLHASES
B131: CENTRO | C131: 2.85 | D131: 0.9 | E131: 0.15 | F131: =+PRODUCT(C131:E131) -> 0.38475 | H131: 33 | I131: =+H131*F131 -> 12.69675
B132: SOBREANCHO | C132: 2.85 | D132: 0.6 | E132: 0.15 | F132: =+PRODUCT(C132:E132) -> 0.2565 | H132: 33 | I132: =F132*H132 -> 8.4645
B133: RANCHERIA LAGUNETA
B134: CENTRO | C134: 2.85 | D134: 0.9 | E134: 0.15 | F134: =+PRODUCT(C134:E134) -> 0.38475 | H134: 30 | I134: =+H134*F134 -> 11.5425
B135: SOBREANCHO | C135: 2.85 | D135: 0.6 | E135: 0.15 | F135: =+PRODUCT(C135:E135) -> 0.2565 | H135: 30 | I135: =F135*H135 -> 7.695
B136: LA RINCONADA EL HATO
B137: CENTRO | C137: 2.85 | D137: 0.9 | E137: 0.15 | F137: =+PRODUCT(C137:E137) -> 0.38475 | H137: 23 | I137: =+H137*F137 -> 8.84925
B138: SOBREANCHO | C138: 2.85 | D138: 2 | E138: 0.15 | F138: =+PRODUCT(C138:E138) -> 0.855 | H138: 23 | I138: =F138*H138 -> 19.665
I146: =+G146*H146 -> 0
I147: =+G147*H147 -> 0
I148: =+G148*H148 -> 0
I149: =+G149*H149 -> 0
I150: =+G150*H150 -> 0
J151: =+SUM(I126:I150) -> 87.2955 | K151: M3
A153: ITEM | B153: LOCALIZACION | C153: DIMENSIONES | F153: VOL | G153: PESO (KG) | H153: CANT | I153: PARCIAL | J153: TOTAL | K153: UNID.
A154: =+'PRESUPUESTO OFICIAL (Entidad)'!A25 -> 4.3 | C154: LARGO/RADIO PROM | D154: ANCHO PROM | E154: ALTO/ESP
A155: =+'PRESUPUESTO OFICIAL (Entidad)'!C25 -> CUNETA DE CONCRETO CLASE E, 2500 PSI FUNDIDA EN EL LUGAR | B155: LA JORLA
B156: CUNETA TIPO L TRAMO 1 SECCIÓN 1 | C156: 90.15 | D156: 0.15 | E156: 0.2 | F156: =+PRODUCT(C156:E156) -> 2.7045 | H156: 2 | I156: =+H156*F156 -> 5.409
B157: CUNETA TIPO L TRAMO 1 SECCIÓN 2 | C157: 90.15 | D157: 0.45 | E157: 0.14 | F157: =+PRODUCT(C157:E157) -> 5.67945 | H157: 2 | I157: =F157*H157 -> 11.3589
B158: CUNETA TIPO L TRAMO 1 SECCIÓN 1 | C158: 24.15 | D158: 0.15 | E158: 0.2 | F158: =+PRODUCT(C158:E158) -> 0.7245 | H158: 2 | I158: =F158*H158 -> 1.449
B159: CUNETA TIPO L TRAMO 1 SECCIÓN 2 | C159: 24.15 | D159: 0.45 | E159: 0.14 | F159: =+PRODUCT(C159:E159) -> 1.52145 | H159: 2 | I159: =F159*H159 -> 3.0429
B160: El hato CORLHASES
B161: CUNETA TIPO L SECCION 1 | C161: 102.15 | D161: 0.15 | E161: 0.2 | F161: =+PRODUCT(C161:E161) -> 3.0645 | H161: 2 | I161: =+H161*F161 -> 6.129
...

Sheet PROPUESTA ECONOMICA(Proponente)
A1: FORMULARIO 1
A4: PROPUESTA ECONOMICA
A6: [La entidad puede utilizar este formulario de presentación de propuesta económica de forma detallada, sin perjuicio que la entidad pueda modificarlo o establecer la presentación de la oferta económica con un formulario distinto al indicado.]
A8: Adicionalmente, cuando el proceso de contratación es estructurado por precios unitarios, la Entidad debe aplicar las notas 1, 2 y 3 del presente formulario y las casillas de "Descripción", "Porcentaje" de la Administración, Imprevisto, Utilidad y total A.I.U. resaltadas en colo amarillo. Tratándose de otras modalidades de precio, la Entidad puede o no configurar los mismos aspectos.
A12: ' CONSTRUCCION DE PLACA HUELLAS EN SECTORES RURALES DEL MUNICIPIO DE SESQUILÉ CUNDINAMARCA.''
A14: ÍTEM | B14: ÍTEM ICCU | C14: DESCRIPCIÓN | D14: UNIDAD | E14: CANTIDADES | F14: VALOR UNITARIO | G14: VALOR TOTAL
A15: NESCUATÁ SECTOR LA JORLA
A16: 1 | C16: MANTENIMIENTO VIAL | G16: =SUM(G17:G17,0) -> 0
A17: 1.1 | B17: 6.1 | C17: CONFORMACIÓN DE LA CALZADA EXISTENTE | D17: M2 | E17: =+'Memorias de cantidades'!$I$6+'Memorias de cantidades'!$I$7 -> 481.35
A18: 2 | C18: ESTRUCTURA DE PAVIMENTO
A19: 2.1 | B19: 3.15 | C19: AFIRMADO | D19: M3 | E19: =+'Memorias de cantidades'!$I$24+'Memorias de cantidades'!$I$25 -> 72.2025
A20: 3 | C20: EXPLANACIÓN Y EXCAVACIONES
A21: 3.1 | B21: 2.13 | C21: EXCAVACIONES VARIAS EN MATERIAL COMÚN SECO A MANO (INCLUYE RETIRO DE SOBRANTES A UNA DISTANCIA MENOR DE 5 KM) | D21: M3 | E21: =+SUM('Memorias de cantidades'!I49:I54) -> 10.1925
A22: 4 | C22: OBRAS DE ARTE
A23: 4.1 | B23: 4.6 | C23: CONCRETOS CLASE D, f´c =3000 PSI (BASES) | D23: M3 | E23: =+SUM('Memorias de cantidades'!I93:I98) -> 35.04075
A24: 4.2 | B24: 4.25 | C24: CONCRETO CICLÓPEO CLASE G, 2000 PSI 40% RAJON PARA BASES | D24: M3 | E24: =+SUM('Memorias de cantidades'!I126:I129) -> 18.3825
A25: 4.3 | B25: 4.21 | C25: CUNETA DE CONCRETO CLASE E, 2500 PSI FUNDIDA EN EL LUGAR | D25: M3 | E25: =+SUM('Memorias de cantidades'!I156:I159) -> 21.2598
A26: 4.4 | B26: 4.52 | C26: SUMINISTRO FIGURADO Y ARMADO DE ACERO DE REFUERZO 60000 PSI | D26: KG | E26: =+SUM('Memorias de cantidades'!I182:I203) -> 3281.3296
A27: EL HATO SECTOR LA QUINTA
A28: 1 | C28: MANTENIMIENTO VIAL
A29: 1.1 | B29: 6.1 | C29: CONFORMACIÓN DE LA CALZADA EXISTENTE | D29: M2 | E29: =+'Memorias de cantidades'!$I$9 -> 459.675
A30: 2 | C30: ESTRUCTURA DE PAVIMENTO
A31: 2.1 | B31: 3.15 | C31: AFIRMADO | D31: M3 | E31: =+'Memorias de cantidades'!I27 -> 68.95125
A32: 3 | C32: EXPLANACIÓN Y EXCAVACIONES
A33: 3.1 | B33: 2.13 | C33: EXCAVACIONES VARIAS EN MATERIAL COMÚN SECO A MANO (INCLUYE RETIRO DE SOBRANTES A UNA DISTANCIA MENOR DE 5 KM) | D33: M3 | E33: =+SUM('Memorias de cantidades'!I56:I58) -> 8.604
A34: 4 | C34: OBRAS DE ARTE
A35: 4.1 | B35: 4.6 | C35: CONCRETOS CLASE D, f´c =3000 PSI (BASES) | D35: M3 | E35: =+SUM('Memorias de cantidades'!I100:I102) -> 31.086
A36: 4.2 | B36: 4.25 | C36: CONCRETO CICLÓPEO CLASE G, 2000 PSI 40% RAJON PARA BASES | D36: M3 | E36: =+SUM('Memorias de cantidades'!I131:I132) -> 21.16125
A37: 4.3 | B37: 4.21 | C37: CUNETA DE CONCRETO CLASE E, 2500 PSI FUNDIDA EN EL LUGAR | D37: M3 | E37: =+SUM('Memorias de cantidades'!I161:I162) -> 18.9999
A38: 4.4 | B38: 4.52 | C38: SUMINISTRO FIGURADO Y ARMADO DE ACERO DE REFUERZO 60000 PSI | D38: KG | E38: =+SUM('Memorias de cantidades'!I217:I227) -> 2645.2558
A39: RANCHERIA SECTOR LAS CUCHILLAS
A40: 1 | C40: MANTENIMIENTO VIAL
A41: 1.1 | B41: 6.1 | C41: CONFORMACIÓN DE LA CALZADA EXISTENTE | D41: M2 | E41: =+'Memorias de cantidades'!I11 -> 419.175
A42: 2 | C42: ESTRUCTURA DE PAVIMENTO
A43: 2.1 | B43: 3.15 | C43: AFIRMADO | D43: M3 | E43: =+'Memorias de cantidades'!I29 -> 62.87625
A44: 3 | C44: EXPLANACIÓN Y EXCAVACIONES
A45: 3.1 | B45: 2.13 | C45: EXCAVACIONES VARIAS EN MATERIAL COMÚN SECO A MANO (INCLUYE RETIRO DE SOBRANTES A UNA DISTANCIA MENOR DE 5 KM) | D45: M3 | E45: =+SUM('Memorias de cantidades'!I60:I62) -> 8.064
A46: 4 | C46: OBRAS DE ARTE
A47: 4.1 | B47: 4.6 | C47: CONCRETOS CLASE D, f´c =3000 PSI (BASES) | D47: M3 | E47: =+SUM('Memorias de cantidades'!I104:I106) -> 28.40625
A48: 4.2 | B48: 4.25 | C48: CONCRETO CICLÓPEO CLASE G, 2000 PSI 40% RAJON PARA BASES | D48: M3 | E48: =+SUM('Memorias de cantidades'!I134:I135) -> 19.2375
A49: 4.3 | B49: 4.21 | C49: CUNETA DE CONCRETO CLASE E, 2500 PSI FUNDIDA EN EL LUGAR | D49: M3 | E49: =+'Memorias de cantidades'!I164 -> 16.767
A50: 4.4 | B50: 4.52 | C50: SUMINISTRO FIGURADO Y ARMADO DE ACERO DE REFUERZO 60000 PSI | D50: KG | E50: =+SUM('Memorias de cantidades'!I217:I227) -> 2645.2558
A51: EL HATO SECTOR LA RINCODADA
A52: 1 | C52: MANTENIMIENTO VIAL
A53: 1.1 | B53: 6.1 | C53: CONFORMACIÓN DE LA CALZADA EXISTENTE | D53: M2 | E53: =+'Memorias de cantidades'!I13 -> 425.685
A54: 2 | C54: ESTRUCTURA DE PAVIMENTO
A55: 2.1 | B55: 3.15 | C55: AFIRMADO | D55: M3 | E55: =+'Memorias de cantidades'!I31 -> 63.85275
A56: 3 | C56: EXPLANACIÓN Y EXCAVACIONES
A57: 3.1 | B57: 2.13 | C57: EXCAVACIONES VARIAS EN MATERIAL COMÚN SECO A MANO (INCLUYE RETIRO DE SOBRANTES A UNA DISTANCIA MENOR DE 5 KM) | D57: M3 | E57: =+SUM('Memorias de cantidades'!I64:I66) -> 7.149
A58: 4 | C58: OBRAS DE ARTE
A59: 4.1 | B59: 4.6 | C59: CONCRETOS CLASE D, f´c =3000 PSI (BASES) | D59: M3 | E59: =+SUM('Memorias de cantidades'!I108:I110) -> 24.0435
A60: 4.2 | B60: 4.25 | C60: CONCRETO CICLÓPEO CLASE G, 2000 PSI 40% RAJON PARA BASES | D60: M3 | E60: =+SUM('Memorias de cantidades'!I137:I138) -> 28.51425
A61: 4.3 | B61: 4.21 | C61: CUNETA DE CONCRETO CLASE E, 2500 PSI FUNDIDA EN EL LUGAR | D61: M3 | E61: =+SUM('Memorias de cantidades'!I166:I167) -> 13.4199
A62: 4.4 | B62: 4.52 | C62: SUMINISTRO FIGURADO Y ARMADO DE ACERO DE REFUERZO 60000 PSI | D62: KG | E62: =+SUM('Memorias de cantidades'!I229:I239) -> 2188.0335
D65: COSTO DIRECTO | G65: =+SUM(G51,G39,G27,G15) -> 0
D66: ADMINISTRACIÓN | F66: 0.22 | G66: =+G65*F66 -> 0
D67: IMPREVISTOS | F67: 0.05 | G67: =+G65*F67 -> 0
D68: UTILIDAD | F68: 0.03 | G68: =+G65*F68 -> 0
D69: COSTO TOTAL | G69: =+SUM(G65:G68) -> 0
D70: INTERVENTORÍA | G70: =G69*F70 -> 0
D71: VALOR FINAL DEL PROYECTO | G71: =SUM(G69+G70) -> 0
